 Dungeon Crawl Stone Soup version 0.28.0-43-g3370ac3207 (webtiles) character file.

Game seed: 5060368630068905979

184 terff the Chopper (level 5, -1/47 HPs)
             Began as a Hill Orc Fighter on Apr 1, 2022.
             Blown up by Ijyb (22 damage)
             ... with a mindburst bolt
             ... on level 3 of the Dungeon.
             The game lasted 00:03:27 (2240 turns).

terff the Chopper (Hill Orc Fighter)                Turns: 2240, Time: 00:03:27

Health: -1/47      AC:  9    Str: 19    XL:     5   Next: 64%
Magic:  5/5        EV:  9    Int:  8    God:
Gold:   113        SH:  5    Dex: 12    Spells: 4/4 levels left

rFire   . . .      SeeInvis .   a - +0 war axe
rCold   . . .      Faith    .   c - +0 buckler
rNeg    . . .      Spirit   .   b - +0 scale mail
rPois   .          Reflect  .   l - +2 hat
rElec   .          Harm     .   (no cloak)
rCorr   .          Rampage  .   (no gloves)
Will    .....                   (no boots)
Stlth   ..........              (no amulet)
HPRegen 0.15/turn               o - ring of wizardry
MPRegen 0.09/turn               (no ring)

@: no status effects
A: no striking features
a: no special abilities


You were on level 3 of the Dungeon.
You visited 1 branch of the dungeon, and saw 3 of its levels.

You collected 113 gold pieces.

Inventory:

Hand Weapons
 a - a +0 war axe (weapon)
 h - a +0 great mace
Armour
 b - a +0 scale mail (worn)
 c - a +0 buckler (worn)
 l - a +2 hat (worn)
Magical Staves
 e - a staff of death
Jewellery
 f - a ring of fire
 o - a ring of wizardry (left hand)
Potions
 d - a potion of might
 g - a potion of haste
 i - a potion of curing {unknown}
 j - a potion of resistance {unknown}
 k - a potion of attraction {unknown}
 m - a potion of degeneration {unknown}
 n - a potion of brilliance {unknown}


   Skills:
 + Level 4.7 Fighting
 + Level 4.7 Axes
 + Level 4.2 Armour
 + Level 0.6 Dodging
 + Level 0.1 Stealth
 + Level 4.1 Shields


You had 4 spell levels left.
You didn't know any spells.
Your spell library contained the following spells:

 Spells                   Type           Power      Damage    Failure   Level
 Shock                    Conj/Air       0%         1d3       52%         1
 Sting                    Tmut/Pois      0%         1d3       52%         1
 Poisonous Vapours        Pois/Air       0%         N/A       65%         2
 Mephitic Cloud           Conj/Pois/Air  0%         N/A       86%         3
 Olgreb's Toxic Radiance  Pois           0%         N/A       99%         4
 Passage of Golubria      Tloc           0%         N/A       99%         4
 Fireball                 Conj/Fire      0%         3d3       100%        5


Dungeon Overview and Level Annotations

Branches:
Dungeon (3/15)

Altars:
Sif Muna

Annotations:
D:3 Ijyb


Message History

You barely miss the orc. The orc hits you but does no damage.
You slash the orc!
You kill the orc!
Things that are here:
a +0 club; a boomerang
Okay, then.
Found a robe.
You see here a +0 robe.
Found 16 stones.
You see here 16 stones.
Found a stone staircase leading down.
Ijyb the Twisted Goblin comes into view.
She is wielding a +1 dagger of speed and carrying a wand of mindburst (15).
Found a dagger.
Ijyb shouts!
Ijyb barely misses you. Ijyb hits you but does no damage.
You closely miss Ijyb. Ijyb hits you but does no damage.
Ijyb hits you with a +1 dagger of speed.
You barely miss Ijyb.
Ijyb hits you with a +1 dagger of speed.
Ijyb hits you but does no damage.
You slash Ijyb!
Ijyb is heavily wounded.
Ijyb screams, "I cut your head off!" Ijyb closely misses you.
Ijyb drinks a potion.
Ijyb is healed!
You hit Ijyb.
Ijyb is lightly wounded.
Ijyb screams, "Me kill you!" Ijyb hits you but does no damage.
You hit Ijyb but do no damage.
Ijyb is lightly wounded.
You block Ijyb's attack. Ijyb hits you but does no damage.
You hit Ijyb.
Ijyb is moderately wounded.
Ijyb zaps a wand.
Your mind is blasted!
You barely miss Ijyb.
Ijyb is moderately wounded.
Ijyb hits you with a +1 dagger of speed.
Ijyb screams, "Level is mine!
All mine!"
Ijyb zaps a wand.
Your mind is blasted!
You die...

## ######## .##
......[## #..
#####.#.##### ..
.....###....# .#
#####.#.###.#####.#
##
##...(........#...##
######.####@......#
#># #g##...## #.#
#.# .## #.# #.# #
#.# #.# #.# #.# ...
.). #..


You could see Ijyb.

Vanquished Creatures
  Natasha (twice) (D:2)
  3 adders
  A dart slug (D:1)
  5 orcs
  8 endoplasms
  A giant cockroach (D:1)
  5 goblins
  8 hobgoblins
  6 jackals (D:3)
  8 kobolds
  3 quokkas
  8 ball pythons
  7 bats
  4 frilled lizards (D:1)
  4 rats
73 creatures vanquished.

Vanquished Creatures (others)
  Natasha (D:2)
1 creature vanquished.

Grand Total: 74 creatures vanquished

Notes
Turn   | Place    | Note
-------+----------+-------------------------------------------
     0 | D:1      | terff the Hill Orc Fighter began the quest for the Orb.
     0 | D:1      | Reached XP level 1. HP: 19/19 MP: 1/1
     8 | D:1      | Got Nalial's Incunabulum of Warped Conjuration
   121 | D:1      | Reached XP level 2. HP: 23/27 MP: 2/2
   495 | D:1      | Reached XP level 3. HP: 31/33 MP: 3/3
  1088 | D:2      | Found a shimmering blue altar of Sif Muna.
  1176 | D:2      | Noticed Natasha
  1192 | D:2      | Killed Natasha
  1193 | D:2      | Reached XP level 4. HP: 10/41 MP: 4/4
  1725 | D:2      | Noticed Natasha
  1731 | D:2      | Killed Natasha
  1732 | D:2      | Reached XP level 5. HP: 47/47 MP: 5/5
  1791 | D:2      | Noticed Natasha
  1812 | D:2      | Killed Natasha
  2231 | D:3      | Noticed Ijyb
  2240 | D:3      | Blown up by Ijyb

Illustrated notes

Levels and vault maps discovered:
D:1:      psy_arrival_statuary, layout_basic, minmay_ruptured
D:2:      layout_rooms, basic_altar, grunt_decor_fettered, minmay_surrounded,
          uniq_natasha
D:3:      layout_loops_ring, dreamdust_ecumenical_altar_drowned_temple,
          chequers_serial_rivers_micro_e, uniq_ijyb

Skill      XL: |  1  2  3  4  5 |
---------------+----------------+-----
Axes           | 3 4 |  4.7
Fighting       | 4 |  4.7
Armour         | 4 |  4.2
Shields        | 4 |  4.1
Dodging        | |  0.6
Stealth        | |  0.1

Action                   |  1- 3 |  4- 6 || total
-------------------------+-------+-------++-------
Melee: War axe           |   101 |    93 ||   194
  Use: Scroll            |     1 |     2 ||     3
Armor: Scale mail        |    59 |    56 ||   115
Dodge: Dodged            |    50 |    72 ||   122
Block: Buckler           |    29 |    36 ||    65
